 Dungeon Crawl Stone Soup version 0.30-a0-121-gb27577e5d9 (webtiles) character file.

Game seed: 3898556946307375051

2168 Pooter the Cleaver (level 9, -1/79 HPs)
             Began as a Minotaur Berserker on Sept 14, 2022.
             Was a Believer of Trog.
             Slain by an ogre
             ... wielding a +0 giant spiked club
              (13 damage)
             ... on level 7 of the Dungeon.
             The game lasted 00:32:04 (6634 turns).

Pooter the Cleaver (Minotaur Berserker)             Turns: 6634, Time: 00:32:05

Health: -1/79      AC:  9    Str: 24    XL:     9   Next: 10%
Magic:  8/8        EV:  8    Int:  6    God:    Trog [**....]
Gold:   315        SH:  0    Dex: 10    Spells: 8/8 levels left

rFire   . . .      SeeInvis .    a - +0 battleaxe
rCold   . . .      Faith    .    (shield currently unavailable)
rNeg    . . .      Spirit   .    c - +0 chain mail
rPois   +          Reflect  .    (helmet restricted)
rElec   .          Harm     .    v - +0 cloak
rCorr   .          Rampage  .    (no gloves)
Will    .....                    (no boots)
Stlth   ..........               (no amulet)
HPRegen 0.23/turn                (no ring)
MPRegen 0.11/turn                (no ring)

@: on berserk cooldown, hasted and slowed
A: horns 2, retaliatory headbutt, poison resistance
a: Renounce Religion, Berserk, Trog's Hand


You were on level 7 of the Dungeon.
You worshipped Trog.
Trog was pleased with you.
You visited 1 branch of the dungeon, and saw 7 of its levels.
You also visited: Sewer.

You collected 315 gold pieces.

Inventory:

Hand Weapons
 a - a +0 battleaxe (weapon)
   (You took it off a gnoll on level 5 of the Dungeon)
 b - a +0 shortbow
   (You took it off a centaur on level 5 of the Dungeon)
 y - a +1 vorpal war axe
   (You took it off an orc on level 5 of the Dungeon)
 C - a +6 flail
   (You took it off Edmund on level 5 of the Dungeon)
Missiles
 i - 4 javelins
 q - 14 poisoned darts (quivered)
 t - 2 throwing nets {!f}
 z - 2 boomerangs
 Q - 92 stones
Armour
 c - a +0 chain mail (worn)
   (You found it on level 1 of the Dungeon)
 v - a +0 cloak (worn)
   (You found it on level 4 of the Dungeon)
Scrolls
 d - 4 scrolls of teleportation {unknown}
 g - 2 scrolls of summoning
 h - 2 scrolls of silence
 j - 2 scrolls of noise {unknown}
 l - 3 scrolls of butterflies
 o - 3 scrolls of immolation {!r}
 r - 2 scrolls of poison {unknown}
 s - a scroll of vulnerability {unknown}
 A - a scroll of fear
Potions
 e - 2 potions of haste {@q3}
 f - 2 potions of mutation {!q}
 k - 3 potions of heal wounds {@q2}
 m - 3 potions of resistance {unknown}
 n - a potion of lignification {unknown}
 p - a potion of cancellation {unknown}
 u - 2 potions of attraction {unknown}
 w - 3 potions of curing {unknown}
 x - a potion of invisibility {unknown}
 B - 2 potions of degeneration {unknown}


   Skills:
 + Level 7.5 Fighting
 * Level 10.1 Axes
 * Level 7.8 Ranged Weapons
 - Level 2.4 Armour
 - Level 2.1 Dodging


You had 8 spell levels left.
You didn't know any spells.
Your spell library was empty.

Dungeon Overview and Level Annotations

Branches:
Dungeon (7/15)             Temple (0/1) D:4           Sewer (visited)

Altars:
Cheibriados
Dithmenos
Fedhas
Gozag
Hepliaklqana
Trog
Wu Jian
Zin

Portals:
Abyss: D:5

Annotations:
D:5 2 transporters, frimble's ghost, amateur DsHs


Innate Abilities, Weirdness & Mutations

You have a pair of horns on your head.
You reflexively headbutt those who attack you in melee.
Your system is resistant to poisons. (rPois)


Message History

There is a stone staircase leading down here.
You climb downwards.
The steam dragon hisses angrily.
Found 13 gold pieces and a scroll of immolation.
There is a stone staircase leading up here.
a - a +0 battleaxe (weapon)
A red film seems to cover your vision as you go berserk!
You feel yourself moving faster!
You feel mighty!
You feel a strong urge to attack something.
The steam dragon breathes steam at you. The ball of steam hits you!
You hear a shout! x3
You see here 13 gold pieces.
You are engulfed in a cloud of scalding steam.
You slash the steam dragon!
You are engulfed in a cloud of scalding steam.
The steam dragon bites you but does no damage.
The steam dragon claws you.
A scorpion comes into view.
You slash the steam dragon!
You kill the steam dragon!
Trog accepts your kill.
You feel a strong urge to attack something.
You are no longer berserk.
You are exhausted.
You feel yourself slow down. The scorpion barely misses you.
You slice the scorpion!!
You kill the scorpion!
Trog accepts your kill.
An orc priest comes into view. It is wielding a +0 dagger.
An ogre comes into view. It is wielding a +0 giant spiked club.
The ogre hits you with a +0 giant spiked club!!
The orc priest hits you but does no damage.
The ogre hits you with a +0 giant spiked club!
* * * LOW HITPOINT WARNING * * *
There is a stone staircase leading up, spattered with blood here.
You feel yourself speed up. The orc priest closely misses you.
You furiously retaliate!
You headbutt the orc priest, but do no damage.
The orc priest invokes the aid of Beogh against you.
Beogh smites you!
* * * LOW HITPOINT WARNING * * *
The ogre closely misses you.
You hit the ogre. You slash the orc priest!
The orc priest invokes the aid of Beogh against you.
Pain shoots through your body!
* * * LOW HITPOINT WARNING * * *
The ogre hits you with a +0 giant spiked club!
You die...

# ###.#### ## #
... ..##.#
##.##.##....
..........#
.........†######
#....†........#
...........o...#
..#........O@..#
...............#
##............?#
........########
###...### ###.
#.


You could see an ogre and an orc priest.

Vanquished Creatures
  Grinder (Sewer)
  A steam dragon (D:7)
  Edmund (D:5)
  2 black bears
  2 centaurs (D:5)
  A phantom (Sewer)
  2 kobold brigands
  5 necrophages
  4 scorpions
  A wight (Sewer)
  A hound (D:6)
  2 orc priests (D:6)
  A jelly (D:6)
  Jessica (D:2)
  2 orc wizards
  2 iguanas (D:5)
  Robin (D:3)
  8 adders
  7 gnolls
  6 shadow imps
  5 ufetubi (Sewer)
  2 worms (D:4)
  2 dart slugs
  9 orcs
  2 ball pythons
  6 endoplasms
  7 giant cockroaches
  16 goblins
  6 hobgoblins
  19 kobolds
  6 quokkas
  6 bats
  2 frilled lizards
  2 kobold zombies (Sewer)
  4 rats
145 creatures vanquished.

Notes
Turn   | Place    | Note
-------+----------+-------------------------------------------
     0 | D:1      | Pooter the Minotaur Berserker began the quest for the Orb.
     0 | D:1      | Reached XP level 1. HP: 19/19 MP: 0/0
   141 | D:1      | Upgraded the game from 0.30-a0-118-ga018f8e90f to
                  | 0.30-a0-121-gb27577e5d9
   152 | D:1      | Reached skill level 4 in Axes
   154 | D:1      | Reached XP level 2. HP: 24/27 MP: 1/1
   452 | D:1      | Found a faded altar of an unknown god.
   498 | D:1      | Reached XP level 3. HP: 33/33 MP: 2/2
  1020 | D:2      | Noticed Jessica
  1029 | D:2      | Killed Jessica
  1030 | D:2      | Reached skill level 5 in Axes
  1184 | D:2      | Reached XP level 4. HP: 41/41 MP: 3/3
  1339 | D:2      | Found a shadowy altar of Dithmenos.
  1511 | D:2      | Gained mutation: You are vulnerable to heat. (rF-) [potion
                  | of mutation]
  1511 | D:2      | Gained mutation: You occasionally lose the ability to read
                  | scrolls when taking damage. [potion of mutation]
  1512 | D:2      | Lost mutation: You occasionally lose the ability to read
                  | scrolls when taking damage. [potion of mutation]
  1512 | D:2      | Lost mutation: You are vulnerable to heat. (rF-) [potion of
                  | mutation]
  1512 | D:2      | Gained mutation: Your system is resistant to poisons.
                  | (rPois) [potion of mutation]
  1876 | D:3      | Found a glowing drain.
  1881 | Sewer    | Entered a sewer
  1902 | Sewer    | Reached skill level 1 in Ranged Weapons
  2030 | Sewer    | Reached ** piety under Trog
  2244 | Sewer    | Reached XP level 5. HP: 29/47 MP: 4/4
  2246 | Sewer    | Reached skill level 6 in Axes
  2445 | Sewer    | Reached skill level 5 in Fighting
  2514 | Sewer    | Reached XP level 6. HP: 56/56 MP: 5/5
  2561 | Sewer    | Noticed Grinder
  2705 | Sewer    | Killed Grinder
  2706 | Sewer    | Reached skill level 7 in Axes
  2776 | Sewer    | Found an ancient bone altar of Kikubaaqudgha.
  2818 | Sewer    | Reached XP level 7. HP: 61/61 MP: 6/6
  3314 | D:3      | Noticed Robin
  3321 | D:3      | Killed Robin
  4163 | D:4      | Reached skill level 5 in Ranged Weapons
  4257 | D:4      | Found an opulent altar of Gozag.
  4347 | D:4      | Found an ornate altar of the Wu Jian Council.
  4432 | D:4      | Found a glowing silver altar of Zin.
  4465 | D:4      | Found a staircase to the Ecumenical Temple.
  4651 | D:4      | Reached skill level 8 in Axes
  4755 | D:5      | Entered Level 5 of the Dungeon
  4892 | D:5      | Found a one-way gate to the infinite horrors of the Abyss.
  4892 | D:5      | Noticed frimble's ghost (amateur DsHs)
  4899 | D:5      | Found a transporter.
  4905 | D:5      | Noticed a small abomination
  4915 | D:5      | Reached XP level 8. HP: 70/70 MP: 7/7
  4935 | D:5      | Found a bloodstained altar of Trog.
  4940 | D:5      | Found a transporter.
  4965 | D:5      | Found a snail-covered altar of Cheibriados.
  5368 | D:5      | Reached skill level 9 in Axes
  5435 | D:5      | Found a blossoming altar of Fedhas.
  5516 | D:5      | Found a hazy altar of Hepliaklqana.
  5516 | D:5      | Noticed Edmund
  5525 | D:5      | Killed Edmund
  5526 | D:5      | Found a faded altar of an unknown god.
  6081 | D:6      | Found a shadowy altar of Dithmenos.
  6315 | D:6      | Reached skill level 10 in Axes
  6315 | D:6      | Reached XP level 9. HP: 79/79 MP: 8/8
  6634 | D:7      | Slain by an ogre

Illustrated notes

Levels and vault maps discovered:
D:1:      minmay_arrival_shattered_statue, layout_loops_ring,
          hellmonk_ecumenical_altar_crossroads, minmay_tromino_v2
D:2:      layout_basic, basic_altar, uniq_jessica
D:3:      layout_loops_ring, portal_sewer_entry_e, minmay_box_of_dots,
          uniq_robin
D:4:      layout_loops_ring, zin_treasury, kennysheep_mini_moat,
          mainiacjoe_overflow_surrounded_room, temple_statues, minmay_cut_off
D:5:      layout_rooms, cheibriados_altar_2, lemuel_round_altar,
          mainiacjoe_overflow_cross_hatched,
          beargit_hepliaklqana_dungeon_heroes, gammafunk_ghost_abyssal_escape
D:6:      layout_cave_pools, lemuel_tele_altar
D:7:      layout_loops_cross, grunt_ministairs_5, uniq_joseph

Skill      XL: |  1  2  3  4  5  6  7  8 |
---------------+-------------------------+-----
Axes           | 4 5 6 7 8 10 | 10.1
Fighting       | 4 5 6 7 |  7.5
Ranged Weapons | 1 3 4 5 7 |  7.8
Armour         | |  2.4
Dodging        | |  2.1

Action                   |  1- 3 |  4- 6 |  7- 9 || total
-------------------------+-------+-------+-------++-------
Melee: Hand axe          |    57 |    85 |   124 ||   266
       Headbutt          |     3 |    13 |    31 ||    47
       Punch             |       |     1 |       ||     1
       Battleaxe         |       |       |    48 ||    48
 Fire: Sling             |     2 |    34 |    52 ||    88
       Shortbow          |       |       |    37 ||    37
Throw: Stone             |    11 |       |     2 ||    13
Invok: Berserk           |     3 |     5 |    10 ||    18
       Trog's Hand       |       |     3 |     5 ||     8
  Use: Scroll            |     2 |     3 |     5 ||    10
       Potion            |       |     2 |     1 ||     3
Armor: Animal skin       |     3 |       |       ||     3
       Chain mail        |    24 |    57 |    90 ||   171
Dodge: Dodged            |    17 |    42 |    80 ||   139
Block: Buckler           |       |       |    13 ||    13

Table legend: (Time is in decaauts)
 A = Elapsed time spent in this place.
 B = Non-inter-level travel time spent in this place.
 C = Inter-level travel time spent in this place.
 D = Time resting spent in this place.
 E = Time spent auto-exploring this place.
 F = Levels seen in this place.
 G = Mean time per level.
                   A        B        C        D        E       F      G
               +--------+--------+--------+--------+--------+-----+--------+
         Total |   6838 |   6704 |    134 |   1738 |   3654 |   8 |  854.8 |
       Dungeon |   5604 |   5470 |    134 |    887 |   3514 |   7 |  800.6 |
         Sewer |   1233 |   1233 |      0 |    850 |    140 |   1 | 1233.0 |
               +--------+--------+--------+--------+--------+-----+--------+

Top non-repeatable levels by time:
   Sewer: 1233 daAuts
     D:5: 1136 daAuts
     D:3: 1043 daAuts
     D:1: 1019 daAuts
     D:4: 909 daAuts
     D:2: 788 daAuts
     D:6: 685 daAuts
     D:7: 20 daAuts
